[Event "Championnat d'Europe de Blitz"]
[Date "2024.12.09"]
[White "Sarana, Alexey"]
[Black "Malicka, Maria"]
[WhiteElo "2674"]
[BlackElo "2206"]
[Round "1.1"]
[Result "1-0"]
[TimeControl "180+2"]

1. d4 Nf6 2.
c4 e6 3. Nc3 Bb4 4. Nf3 b6 5. e3 Bb7 6. Bd3 O-O 7. O-O Bxc3 8. bxc3 d6 9. Nd2 e5 10. e4 Nc6 11. Nb3 Re8 12. f3 Ne7 13. Re1 Ng6 14. Nd2 Qd7 15. Nf1 a5 16. Ne3 Ne7 17. Nd5 Nexd5 18. cxd5 Ba6 19. Bc2 Bc4 20. Be3 a4 21. Qd2 b5 22. a3 h6 23. Rab1 Rab8 24. Rb2 c6 25. dxc6 Qxc6 26. Qf2 Nd7 27. f4 exf4 28. Bxf4 Rbc8 29. Qg3 d5 30. e5 Nf8 31. Bb1 Ng6 32. Rf2 Nxf4 33. Qxf4 Qe6 34. Bf5 Qe7 35. e6 f6 36. Qg4 g5 37. Qh5 Qg7 38. Bg6 Re7 39. Bf7+ Kh7 40. Re3 Rf8 41. Rff3 Rfxf7 42. exf7 Rxf7 43. Re6 f5 44. Rxh6+ Qxh6 45.
Qxf7+ Qg7 46. Rh3# 1-0

[Site "Europe Echecs"]

[Event "Championnat d'Europe de Blitz"]
[Date "2024.12.09"]
[White "Balinski, Damian"]
[Black "Navara, David"]
[WhiteElo "2203"]
[BlackElo "2665"]
[Round "1.2"]
[Result "0-1"]
[TimeControl "180+2"]

1. d4 Nf6 2.
c4 e6 3. Nc3 Bb4 4. Qc2 d5 5. cxd5 exd5 6. Bg5 c5 7. a3 Bxc3+ 8. bxc3 h6 9. Bxf6 Qxf6 10. Nf3 O-O 11. e3 c4 12. Be2 Bf5 13. Qb2 Qb6 14. Ra2 Nd7 15. O-O Rfe8 16. Qb4 a5 17. Qb2 Qc6 18. Bd1 b5 19. Bc2 Bxc2 20. Qxc2 Reb8 21. Rb1 Rb6 22. Rab2 Rab8 23. h3 Qd6 24. Ra2 g6 25. g3 Kg7 26. Kg2 R8b7 27. e4 dxe4 28. Qxe4 Nf6 29. Qc2 Nd5 30. Re1 b4 31. axb4 axb4 32. Ra8 b3 33. Qe4 Rb8 34. Ra7 R6b7 35. Rxb7 Rxb7 36. Qe8 0-1

[Site "Europe Echecs"]

[Event "Championnat d'Europe de Blitz"]
[Date "2024.12.09"]
[White "Fedoseev, Vladimir"]
[Black "Nikolaev, Georgi"]
[WhiteElo "2709"]
[BlackElo "2032"]
[Round "1.3"]
[Result "1-0"]
[TimeControl "180+2"]

1. Nc3 e5 2.
e3 d5 3. Qh5 Nc6 4. Bb5 Qd6 5. Nf3 e4 6. Qe5+ Qxe5 7. Nxe5 Nge7 8. d3 exd3 9. cxd3 Bf5 10. e4 dxe4 11.
dxe4 Be6 12. Be3 a6 13. Nxc6 Nxc6 14. Bxc6+ bxc6 15. O-O Rb8 16. b3 Bb4 17. Na4 O-O 18. Rac1 Bd7 19. Rfd1 Rfd8 20. Bc5 Bxc5 21. Nxc5 Be8 22. Nxa6 Rxd1+ 23.
Rxd1 Rc8 24.
a4 Kf8 25.
f3 Ke7 26. Kf2 f6 27. b4 Bf7 28. Nc5 Be8 29. a5 Rb8 30. Rd4 1-0

[Site "Europe Echecs"]

[Event "Championnat d'Europe de Blitz"]
[Date "2024.12.09"]
[White "Velickovski-Nejkovic, Maja"]
[Black "Korobov, Anton"]
[WhiteElo "1959"]
[BlackElo "2629"]
[Round "1.4"]
[Result "0-1"]
[TimeControl "180+2"]

1. c4 Nf6 2. Nc3 g6 3. d4 Bg7 4.
e4 d6 5. Be3 O-O 6. f3 Nc6 7. Bd3 e5 8. d5 Nd4 9. Nge2 Nh5 10. Qd2 c5 11. dxc6 bxc6 12. O-O Be6 13. b3 f5 14. Rad1 f4 15. Bf2 g5 16. Bb1 c5 17. Nd5 g4 18. Qd3 g3 19. hxg3 Nxe2+ 20. Qxe2 fxg3 21. Be3 Qh4 22. Rfe1 Nf4 23. Qd2 Qh2+ 24. Kf1 Nxg2 0-1

[Site "Europe Echecs"]

[Event "Championnat d'Europe de Blitz"]
[Date "2024.12.09"]
[White "Qorri, Fatmir"]
[Black "Deac, Bogdan-Daniel"]
[WhiteElo "1995"]
[BlackElo "2696"]
[Round "1.6"]
[Result "0-1"]
[TimeControl "180+2"]

1. e4 b6 2.
d4 Bb7 3.
Nc3 e6 4. f3 d5 5. e5 c5 6. Be3 cxd4 7. Bxd4 Nc6 8. Bb5 Nge7 9. Nge2 a6 10. Ba4 b5 11. Bb3 Nf5 12. f4 Ncxd4 13.
Nxd4 Qh4+ 14. g3 Nxg3 15. hxg3 Qxh1+ 16.
Kd2 Qxd1+ 17. Rxd1 Bc5 18. Nce2 h5 19. Rh1 O-O-O 20. c3 Kb8 21. a4 b4 22. Bc2 bxc3+ 23. bxc3 g6 24. Bd3 Ka7 25. Nb3 d4 26. Rb1 dxc3+ 27. Nxc3 Bb4 28. Nc1 Bxc3+ 29. Kxc3 h4 30. gxh4 Rxh4 31. Ne2 Rh3 32. Rd1 Bf3 33. Kd2 Bg4 34. Kc2 Bxe2 35. Bxe2 Rxd1 36. Bxd1 Rh4 37. Kd3 Rxf4 38. Ke3 g5 39.
Bh5 a5 40.
Kd3 Kb6 41. Kc3 Kc5 0-1

[Site "Europe Echecs"]

[Event "Championnat d'Europe de Blitz"]
[Date "2024.12.09"]
[White "Mamedov, Rauf"]
[Black "Vuckovic, Robert"]
[WhiteElo "2656"]
[BlackElo "1963"]
[Round "1.7"]
[Result "1-0"]
[TimeControl "180+2"]

1. e4 c5 2.
Nf3 e6 3. c3 d5 4. e5 Nc6 5. d4 Bd7 6. Bd3 Rc8 7. O-O Nh6 8. Na3 cxd4 9. cxd4 Bxa3 10. bxa3 Nf5 11. Rb1 Ncxd4 12. Nxd4 Nxd4 13. Qg4 Rxc1 14. Rfxc1 Nc6 15. Qxg7 Rf8 16. Rxb7 Qa5 17. Rxc6 Bxc6 18.
Rb8+ Kd7 19. Qxf8 1-0

[Site "Europe Echecs"]

[Event "Championnat d'Europe de Blitz"]
[Date "2024.12.09"]
[White "Bogdanovic, Vesna"]
[Black "Jobava, Baadur"]
[WhiteElo "2008"]
[BlackElo "2578"]
[Round "1.8"]
[Result "0-1"]
[TimeControl "180+2"]

1. e4 d6 2. g3 Nf6 3. Bg2 e5 4. Nc3 g6 5. d3 Bg7 6. Nge2 O-O 7. O-O Nc6 8. f4 exf4 9. gxf4 Re8 10. Ng3 Bg4 11. Bf3 Bxf3 12. Qxf3 Nd4 13. Qg2 c6 14. Nd1 d5 15. c3 Ne6 16. e5 Nd7 17. Be3 f5 18. d4 a5 19. Nf2 a4 20. Nd3 Nb6 21. Qf2 Nc4 22. b3 Nxe3 23. Qxe3 axb3 24. axb3 Qh4 25. Ne2 Qg4+ 26. Kf2 Bf8 27. Qg3 Qh5 28. Ke3 Be7 29. Ng1 Bh4 30. Qg2 Qg4 31. Qxg4 fxg4 32. h3 gxh3 33. Nxh3 Ng7 34. Nc5 b5 35. Ng1 Be7 36. Nd3 Nf5+ 37. Kf3 b4 38. Ne2 bxc3 39. Rac1 Nh4+ 40. Ke3 Nf5+ 41. Kf3 c5 42. dxc5 d4 43. b4 Ra2 44. Rfe1 Bh4 45. Rh1 Be7 46. Rhe1 Rb8 47. Ra1 Rd2 48. Rad1 Ne3 0-1

[Site "Europe Echecs"]

[Event "Championnat d'Europe de Blitz"]
[Date "2024.12.09"]
[White "Santos Latasa, Jaime"]
[Black "Djokovic, Mirsad"]
[WhiteElo "2628"]
[BlackElo "2060"]
[Round "1.9"]
[Result "1-0"]
[TimeControl "180+2"]

1. Nf3 e6 2.
c4 f5 3. g3 Nf6 4. Bg2 Be7 5. O-O O-O 6. d4 d6 7. b3 Qe8 8. Nc3 Qg6 9. Qc2 a5 10. Bb2 Nc6 11. Rad1 Ne4 12. e3 Bd7 13. Ne1 Nf6 14. Nd3 Nb4 15. Qb1 c6 16. Nf4 Qh6 17. a3 Na6 18. d5 e5 19. Ne6 Bxe6 20. dxe6 Ng4 21. h3 Nf6 22. Qxf5 Rae8 23. Ne4 Nxe4 24. Qxe4 Nc5 25. Qc2 Rf6 26.
f4 Rg6 27.
g4 Rxe6 28.
b4 axb4 29.
axb4 Nd7 30. b5 exf4 31. exf4 Bf6 32. bxc6 bxc6 33. g5 Qh5 34. gxf6 Re2 35. Rd2 Rxd2 36. Qxd2 Re2 37. Qxd6 Nxf6 38. Bxf6 gxf6 39. Qxf6 Qc5+ 40. Kh1 Qxc4 41. Rg1 h6 42. Qf5 1-0

[Site "Europe Echecs"]

[Event "Championnat d'Europe de Blitz"]
[Date "2024.12.09"]
[White "Kukov, Tode"]
[Black "Van Foreest, Jorden"]
[WhiteElo "2146"]
[BlackElo "2677"]
[Round "1.10"]
[Result "0-1"]
[TimeControl "180+2"]

1. d4 Nf6 2.
Nf3 b6 3. e3 Bb7 4. Bd3 e6 5. O-O c5 6. c4 cxd4 7. exd4 d5 8. cxd5 Nxd5 9. Ne5 a6 10. Nc3 Nd7 11. Nxd7 Qxd7 12. Re1 Be7 13. Qg4 Nf6 14. Qf4 O-O 15. Be3 Rfd8 16. Rad1 b5 17. a3 Rac8 18. Qg3 Bd6 19. Qh3 Be7 20. Bb1 g6 21. Bg5 Nd5 22. Bxe7 Qxe7 23. Ne4 Nf4 24. Qe3 Bxe4 25. Qxe4 Qf6 26. Qe3 0-1

[Site "Europe Echecs"]

[Event "Championnat d'Europe de Blitz"]
[Date "2024.12.09"]
[White "Fressinet, Laurent"]
[Black "Sekulic, Dusan"]
[WhiteElo "2588"]
[BlackElo "2131"]
[Round "1.11"]
[Result "1-0"]
[TimeControl "180+2"]

1. Nf3 Nf6 2. g3 d6 3. d4 Nbd7 4. Bg2 e5 5. dxe5 dxe5 6. O-O Bc5 7. Nc3 O-O 8. Bg5 Re8 9. Nd5 Bd6 10. Nd2 h6 11. Bxf6 Nxf6 12. Nxf6+ Qxf6 13. Ne4 Qg6 14. Nxd6 cxd6 15. Qd2 e4 16. Rad1 Re6 17. Qb4 b6 18. Rd4 Bb7 19. Rfd1 d5 20. e3 Rc8 21. c3 Kh7 22. Qa4 a5 23. Qd7 Rb8 24. Bh3 f5 25. Qc7 Ree8 26. Qf4 Rf8 27. Rxd5 Bxd5 28. Rxd5 Qc6 29. Rxf5 Rxf5 1-0

[Site "Europe Echecs"]

[Event "Championnat d'Europe de Blitz"]
[Date "2024.12.09"]
[White "Kucharska, Honorata"]
[Black "Pultinevicius, Paulius"]
[WhiteElo "2071"]
[BlackElo "2579"]
[Round "1.12"]
[Result "0-1"]
[TimeControl "180+2"]

1. e4 c5 2. Nf3 e6 3. d3 Nc6 4. g3 g6 5. Bg2 Bg7 6. O-O Nge7 7. Nbd2 O-O 8. Re1 d6 9. c3 b5 10. Nf1 b4 11. Bd2 Rb8 12. Qc2 a5 13. Rad1 Qb6 14. Rb1 Ba6 15. Ne3 b3 16. axb3 Qxb3 17. Qxb3 Rxb3 18. Bf1 Rfb8 19. Nd1 h6 20. Ra1 g5 21. h3 Ng6 22. Be3 Nge5 23. Nxe5 Nxe5 24. d4 Nf3+ 25. Kh1 Nxe1 26. Bxa6 Nc2 27. Rxa5 cxd4 28. cxd4 Ra8 29. Bc4 Rxa5 30. Bxb3 Nxd4 31. Bxd4 Bxd4 32. Bc4 Ra1 33. Be2 Bxf2 34. Kg2 Bd4 35. Kf3 Rc1 36. h4 Kg7 37. hxg5 hxg5 38. b3 Rc2 39. Bd3 Rd2 40. Be2 g4+ 0-1

[Site "Europe Echecs"]

[Event "Championnat d'Europe de Blitz"]
[Date "2024.12.09"]
[White "Kadric, Denis"]
[Black "Ciolacu, Alessia-Mihaela"]
[WhiteElo "2544"]
[BlackElo "2124"]
[Round "1.13"]
[Result "1-0"]
[TimeControl "180+2"]

1. e4 e5 2. Nf3 Nc6 3. Bc4 Nf6 4. d3 h6 5. a4 d6 6. a5 a6 7. Nc3 g6 8. h3 Bg7 9. Be3 Qe7 10. O-O O-O 11. Re1 Be6 12. Qd2 Kh7 13. Nd5 Qd8 14. Nxf6+ Qxf6 15. Ng5+ Kg8 16. Nxe6 fxe6 17. Bxh6 Bxh6 18.
Qxh6 Nd4 19.
Qd2 c6 20.
c3 Nb5 21.
Re3 Nc7 22.
Rf3 Qh4 23.
Rg3 Kh7 24.
Re1 Qf4 25.
Qe2 d5 26.
Bb3 Rae8 27. Re3 d4 28. Rf3 Qg5 29. Rg3 Qf4 30. Rg4 Qf6 31. cxd4 exd4 32. f4 e5 33. fxe5 Rxe5 34. Qd2 Re7 35. Rg3 Qe5 36. Rg5 Qf6 37. Bc4 Ne6 38. Bxe6 Qxe6 39. Rg3 Ref7 40. Qg5 Qd6 41. e5 Qe6 42. Re4 Qf5 43.
Rh4+ Kg7 44. Qh6+ 1-0

[Site "Europe Echecs"]

[Event "Championnat d'Europe de Blitz"]
[Date "2024.12.09"]
[White "Djukanovic, Mitar"]
[Black "Lagarde, Maxime"]
[WhiteElo "1943"]
[BlackElo "2600"]
[Round "1.14"]
[Result "0-1"]
[TimeControl "180+2"]

1. d4 f5 2. g4 d5 3. h3 c5 4. Nc3 Nc6 5. Bg2 cxd4 6. Nxd5 e6 7. Nf4 e5 8. Nd3 e4 9. Nf4 Nf6 10. g5 Nd5 11. Nxd5 Qxd5 12. e3 Be6 13. exd4 Qxd4 14. c3 Qxd1+ 15. Kxd1 O-O-O+ 16. Kc2 Bc5 17. Be3 Bxe3 18. fxe3 Ne5 19. b3 Rd3 20. Ne2 Rxe3 21. Nd4 Bd7 22. Rad1 Rg3 23. Bf1 Rxg5 24. b4 Ba4+ 25. Nb3 Rd8 26.
Rxd8+ Kxd8 27. h4 Rg3 28. Rh2 Nf3 29. Rf2 e3 30. Re2 f4 31. Kd3 Bxb3 32. axb3 Nxh4 33. Ke4 g5 0-1

[Site "Europe Echecs"]

[Event "Championnat d'Europe de Blitz"]
[Date "2024.12.09"]
[White "Skreno, Vladimir"]
[Black "Alonso Rosell, Alvar"]
[WhiteElo "2067"]
[BlackElo "2532"]
[Round "1.16"]
[Result "0-1"]
[TimeControl "180+2"]

1. d4 Nf6 2.
Nf3 c5 3. c3 Qc7 4. g3 g6 5. Bg2 Bg7 6. O-O O-O 7. Re1 d5 8. Bf4 Qb6 9. Qb3 Nc6 10. Nbd2 Qa5 11. dxc5 Qxc5 12. e4 dxe4 13. Nxe4 Nxe4 14. Rxe4 e5 15. Be3 Qe7 16. Bg5 Qc7 17. Ree1 Be6 18. Qc2 h6 19. Be3 Rad8 20. Red1 a6 21. Bc5 Rfe8 22. Rxd8 Rxd8 23. Ba3 f5 24. Rd1 e4 25. Rxd8+ Qxd8 26. Ne1 Qd5 27. b3 Qa5 28. Bb4 Nxb4 29. cxb4 Qxb4 30. Qc1 Qa5 31. Bf1 b5 32. a4 Qc3 33. Qxc3 Bxc3 34. axb5 axb5 35. Ng2 b4 36. Nf4 Bxb3 37. Nxg6 Bf7 38. Ne7+ Kf8 39. Nxf5 b3 0-1

[Site "Europe Echecs"]

[Event "Championnat d'Europe de Blitz"]
[Date "2024.12.09"]
[White "Pantsulaia, Levan"]
[Black "Wyss, Jonas"]
[WhiteElo "2522"]
[BlackElo "2270"]
[Round "1.17"]
[Result "1-0"]
[TimeControl "180+2"]

1. Nf3 d5 2.
c4 e6 3. g3 Nf6 4. Bg2 dxc4 5. Qa4+ Bd7 6. Qxc4 c5 7. Ne5 Qc8 8. Qd3 Nc6 9. Nxd7 Nxd7 10. Qb5 Nd4 11. Qa4 Be7 12. Nc3 O-O 13. d3 Nb6 14. Qd1 Rd8 15. O-O Qd7 16. b3 Rac8 17. Bb2 Bf6 18. Qd2 Nc6 19. Ne4 Bxb2 20. Qxb2 Qd4 21. Rab1 Nd5 22. Rfc1 b6 23. a3 Qxb2 24.
Rxb2 Nd4 25.
Kf1 Kf8 26.
Nd2 Ke7 27.
Nc4 Nc6 28. e3 f6 29. Ke2 e5 30. Rbc2 Rc7 31. Nd2 Na5 32. b4 Nb7 33. Nb3 Rdc8 34. Bxd5 1-0

[Site "Europe Echecs"]

[Event "Championnat d'Europe de Blitz"]
[Date "2024.12.09"]
[White "Smolin, Sergey"]
[Black "Muradli, Mahammad"]
[WhiteElo "2009"]
[BlackElo "2588"]
[Round "1.18"]
[Result "0-1"]
[TimeControl "180+2"]

1. e4 c5 2. Nc3 d6 3. f4 g6 4. Nf3 Bg7 5. Bb5+ Bd7 6. Bxd7+ Qxd7 7. O-O Nc6 8. d3 e6 9. Qe1 Nge7 10. b3 Nd4 11. Rf2 O-O 12. Bb2 Rac8 13. Nd1 f5 14. e5 Nec6 15. exd6 Qxd6 16. c3 Nxf3+ 17. Rxf3 e5 18. Qf1 exf4 19. Rxf4 Ne5 20. d4 cxd4 21. Rxd4 Qb6 22. Kh1 Ng4 23. Rf4 Rcd8 24. Nf2 0-1

[Site "Europe Echecs"]

[Event "Championnat d'Europe de Blitz"]
[Date "2024.12.09"]
[White "Dardha, Daniel"]
[Black "Sarabando, Rodrigo Andias"]
[WhiteElo "2639"]
[BlackElo "2081"]
[Round "1.19"]
[Result "1-0"]
[TimeControl "180+2"]

1. Nc3 c5 2. e4 e6 3. Nge2 d6 4. g3 Nc6 5. Bg2 g6 6. d4 cxd4 7. Nxd4 Bg7 8. Ndb5 Bf8 9. Bf4 Ne5 10. Qe2 a6 11. O-O-O Qb6 12. Be3 Qc6 13. Na7 Qc7 14. Nxc8 Rxc8 15. Bd4 f6 16. Bh3 Kf7 17. f4 Nc4 18. f5 e5 19. fxg6+ hxg6 20. Bxc8 exd4 21. Rxd4 Bh6+ 22. Kb1 Na3+ 23. bxa3 Qxc3 24.
Qc4+ Qxc4 25. Rxc4 b5 26. Rc7+ Ne7 27. Bxa6 Ra8 28. Bxb5 Rxa3 29. Bc4+ Ke8 30. Rd1 Kd8 31. Rb7 Nc8 32. Be6 Ra6 33.
c4 Be3 34.
h4 Bc5 35.
e5 fxe5 36.
Rf1 Rb6+ 37.
Rxb6 Nxb6 38. g4 Na4 39. Kc2 Bd4 40. h5 gxh5 41. gxh5 Ke7 42. Bd5 Nc3 43. Kd3 Nxd5 44.
cxd5 Bb2 45. Ke4 Bc3 46. h6 1-0

[Site "Europe Echecs"]

[Event "Championnat d'Europe de Blitz"]
[Date "2024.12.09"]
[White "Froewis, Annika"]
[Black "Kazakouski, Valery"]
[WhiteElo "2069"]
[BlackElo "2567"]
[Round "1.20"]
[Result "0-1"]
[TimeControl "180+2"]

1. e4 c5 2. Nf3 a6 3. c3 e6 4. d4 d5 5. exd5 exd5 6. Be2 Nc6 7. O-O h6 8. Re1 Be6 9. Be3 c4 10. Nbd2 Bd6 11. b3 b5 12. Qc2 Nge7 13. Nf1 Bf5 14. Qd2 O-O 15. Ng3 Bh7 16. Nh4 Qd7 17. Nf3 Qc7 18. Bd1 f5 19. Qe2 f4 20. Bc1 fxg3 21. hxg3 Qd7 22. Bb2 Rae8 23. Qd2 Be4 24. a4 Qf5 25. axb5 axb5 26. bxc4 bxc4 27. Ra6 Ra8 28. Rb6 0-1

[Site "Europe Echecs"]

[Event "Championnat d'Europe de Blitz"]
[Date "2024.12.09"]
[White "Van Foreest, Lucas"]
[Black "Quilter, Thomas A"]
[WhiteElo "2520"]
[BlackElo "2162"]
[Round "1.21"]
[Result "1-0"]
[TimeControl "180+2"]

1. e4 d5 2. exd5 c6 3. dxc6 Nxc6 4. Nf3 e5 5. Bb5 Bd6 6. d4 exd4 7. Nxd4 Nge7 8. O-O O-O 9. Nxc6 Nxc6 10. Nc3 Bf5 11. Bd3 Qf6 12. Bxf5 Qxf5 13.
Qxd6 Qxc2 14. Qd1 Qg6 15. Be3 Rad8 16. Qf3 Ne5 17. Qg3 Qh5 18. Qg5 Qxg5 19. Bxg5 f6 20. Be3 Nc4 21. Bxa7 Nxb2 22. Rab1 Nc4 23. Rxb7 Rc8 24. Nd5 Kh8 25. h3 Rfd8 26. Ne7 Ra8 27. Rc1 Nd6 28. Rbc7 Nb5 29. Be3 Nxc7 30. Rxc7 Rxa2 31. Nf5 Rg8 32. Bd4 Ra4 33. g4 h6 34. Kg2 Rd8 35. Be3 h5 36. Rxg7 hxg4 37. hxg4 Rg8 38. Rxg8+ Kxg8 39. f3 Kf7 40. Kg3 Kg6 41. Nh4+ Kf7 42. Ng2 Ra3 43. Bf2 Rb3 44. Nf4 Ra3 45. Nh5 Ra4 46. Be3 Kg6 47. Bd2 Ra3 48. Bb4 Rb3 49. Bc5 Rc3 50. Bd4 Rc1 51. Bxf6 Rh1 52. Bd4 Rd1 53. Bf2 Ra1 54. Nf4+ Kf7 55. Ng2 Ra2 56. Ne3 Ra1 57. Nc2 Ra2 58. Nb4 Ra1 59. Nd3 Ra2 60. Ne5+ Ke6 61. Nc6 Ra1 62. Na7 Ra2 63. Nb5 Kf7 64. Nc3 Rc2 65. Na4 Ra2 66. Nc5 Rc2 67. Nd3 Ra2 68. Kg2 Kg8 69. Nb4 Rb2 70. Nc6 Ra2 71. Na7 Rb2 72. Nc8 Ra2 73. Ne7+ Kf7 74. Nc6 Rb2 75. Nd4 Ra2 76. Nf5 Kg6 77. Kg3 Rc2 78. Nh4+ Kf7 79. f4 Rc3+ 80. Nf3 Ra3 81. Bd4 Ra2 82. Bc5 Ra5 83. Bb6 Ra6 84. Bc7 Ra7 85. Bb8 Rb7 86.
Bd6 Ra7 87. Bb4 Ra4 88. Bc3 Ra3 89. Bb2 Ra2 90. Bc1 Ra1 91. Bd2 Ra2 92.
Be3 Ra3 93.
Bf2 Rb3 94. Bg1 Ra3 95. Bh2 Rb3 96. f5 Kf6 97. Bg1 Ra3 98. Bf2 Rb3 99. Be1 Ra3 100. Bd2 Rb3 101. Bc1 Rb1 102. Ba3 Rb3 103. Bc5 Rb1 104. Ba7 Rb2 105. Be3 Rb1 106. Bd4+ Kf7 107. g5 Rb4 108. Bc3 Rb3 109. Bd2 Ra3 110. Bb4 Rb3 111. Bc5 Rc3 112.
Bd6 Rb3 113.
Be5 Ra3 114. Kg4 Rb3 115. Bd4 Rb4 116. Kf4 Ra4 117. Ke4 Rb4 118. Ne5+ Kg8 119. Nc6 Rb1 120. Be3 Ra1 121. g6 Ra6 122. Nd4 Ra4 123. Bf4 Rb4 124. Bc7 Rb1 125. Bd6 Ra1 126. Bb4 Rb1 127. Bc3 Rh1 128. Bd2 Rh2 129. Be3 Rh1 130. Bf4 Ra1 131.
Bg5 Ra2 132. Be7 Ra4 133. f6 Ra6 134. Nf3 Ra4+ 135. Kf5 Ra5+ 136. Ne5 Ra6 137. f7+ Kg7 138. f8=R 1-0

[Site "Europe Echecs"]

[Event "Championnat d'Europe de Blitz"]
[Date "2024.12.09"]
[White "Baliasnyj, Timur"]
[Black "Fridman, Daniel"]
[WhiteElo "2174"]
[BlackElo "2571"]
[Round "1.22"]
[Result "0-1"]
[TimeControl "180+2"]

1. Nf3 d5 2.
c4 e6 3. g3 Nf6 4. Bg2 a6 5. b3 b5 6. O-O Bb7 7. Ne5 c5 8. d4 Qb6 9. Be3 cxd4 10. Bxd4 Bc5 11. Bxc5 Qxc5 12. Nd2 O-O 13. Rc1 Qe7 14. Ndf3 Nbd7 15. cxd5 Bxd5 16. Nxd7 Qxd7 17. Ne5 Qb7 18. Bxd5 Nxd5 19. Qd2 b4 20. Nc6 a5 21. a3 bxa3 22. Nxa5 Qb4 23. Qxb4 Nxb4 24. Nc6 Nxc6 25. Rxc6 Rfb8 26. Rc3 Rb4 27. Ra1 Kf8 28. Kf1 h5 29. h4 f6 30. e3 Kf7 31. Ke2 g5 32. hxg5 fxg5 33. Kf3 h4 34. gxh4 gxh4 35. Kg2 Kf6 36. Kh3 Ke5 37. Rc4 Rxc4 38. bxc4 Kd6 39. Ra2 Kc5 40.
Kxh4 Kxc4 41. f4 Kd3 42. Kg5 Kxe3 43. Kf6 Kxf4 44. Kxe6 0-1

[Site "Europe Echecs"]

[Event "Championnat d'Europe de Blitz"]
[Date "2024.12.09"]
[White "Quparadze, Giga"]
[Black "George, Matthew P"]
[WhiteElo "2537"]
[BlackElo "1999"]
[Round "1.23"]
[Result "1-0"]
[TimeControl "180+2"]

1. e4 c5 2. Nf3 d6 3. d4 cxd4 4. Nxd4 Nf6 5. Nc3 g6 6. g3 Nc6 7. Bg2 Nxd4 8. Qxd4 Bg7 9. O-O O-O 10. Qd3 Be6 11. Nd5 Rc8 12. c3 Nd7 13. Bg5 f6 14. Be3 b6 15. h4 Ne5 16. Qe2 Bxd5 17. exd5 f5 18. a4 Qd7 19. a5 Nc4 20. axb6 axb6 21. Bg5 Rf7 22. Qe6 Qc7 23. Ra7 Qxa7 24. Qxc8+ 1-0

[Site "Europe Echecs"]

[Event "Championnat d'Europe de Blitz"]
[Date "2024.12.09"]
[White "Stoinev, Metodi"]
[Black "Djukic, Nikola"]
[WhiteElo "2132"]
[BlackElo "2493"]
[Round "1.24"]
[Result "1/2-1/2"]
[TimeControl "180+2"]

1. Nf3 Nf6 2. d4 g6 3. Nc3 d5 4. Bf4 Bg7 5. Qd2 O-O 6. Bh6 c5 7. Bxg7 Kxg7 8. e3 cxd4 9. exd4 Nc6 10. a3 Ne4 11. Qe3 Nxc3 12. Qxc3 Bg4 13. Be2 Rc8 14. Qd2 Qb6 15. c3 Na5 16. Rb1 Nc4 17. Bxc4 Bxf3 18. Bf1 Qe6+ 19. Qe3 Qxe3+ 20. fxe3 Be4 21. Rd1 Rc6 22. Kf2 Rf6+ 23. Ke1 Rb6 24. Rd2 f5 25. Rg1 f4 26. exf4 Rxf4 27. g3 Rff6 28. Bg2 Rfe6 29. Kd1 g5 30. Re1 Bxg2 31. Rxg2 Rxe1+ 32. Kxe1 Rh6 33. Kd2 Rf6 34. Ke3 b5 35. Rf2 h5 36. h3 Kg6 37. b3 Ra6 38. Ra2 Rc6 39. Kd3 Rf6 40. Ke2 g4 41. hxg4 hxg4 42. a4 bxa4 43. Rxa4 Rf3 44. Rxa7 e6 45. Rc7 Rxg3 46. b4 Kf5 47. b5 Rg2+ 48. Ke3 Rb2 49. Rf7+ Kg6 50. Rf4 Kg5 51. Rf8 g3 52. Rg8+ Kh4 53. Rg6 g2 54. Kf3 Rxb5 55. Rxg2 Rb3 56. Rc2 Kg5 57. Ke3 Rb1 58. Rg2+ Kf6 59. Kd3 Ke7 60. Rg8 1/2-1/2

[Site "Europe Echecs"]

[Event "Championnat d'Europe de Blitz"]
[Date "2024.12.09"]
[White "Mastrovasilis, Dimitrios"]
[Black "Lauda, Alexandr"]
[WhiteElo "2537"]
[BlackElo "2255"]
[Round "1.25"]
[Result "1-0"]
[TimeControl "180+2"]

1. e4 c5 2.
Nf3 Nc6 3.
Bb5 g5 4. Nxg5 Nf6 5. d3 Nd4 6. Bc4 d5 7. Bxd5 Nxd5 8. exd5 Qxd5 9. O-O Rg8 10. Nc3 Qc6 11. Qh5 Rg6 12. Bf4 h6 13. Nge4 Bg4 14. Qxc5 Bf3 15. Qxc6+ bxc6 16. Bg3 Bxe4 17. Nxe4 Bg7 18. c3 Ne6 19. Rfe1 f5 1-0

[Site "Europe Echecs"]

[Event "Championnat d'Europe de Blitz"]
[Date "2024.12.09"]
[White "Kozul, Zdenko"]
[Black "Vanden Bussche, Steven"]
[WhiteElo "2519"]
[BlackElo "2049"]
[Round "1.27"]
[Result "1-0"]
[TimeControl "180+2"]

1. d4 c6 2.
c4 Nf6 3.
Nf3 d5 4. Nc3 dxc4 5. e4 Bg4 6. Bxc4 e6 7. Be3 Nbd7 8. Be2 Be7 9. O-O O-O 10. Qc2 Bh5 11. Rad1 Bg6 12. Ne5 Qc8 13. f4 Nxe5 14. dxe5 Nd5 15. Nxd5 cxd5 16. Qxc8 Rfxc8 17. f5 Rc2 18. Bd3 Rxb2 19. fxg6 hxg6 20. exd5 exd5 21. Rb1 Rxa2 22. Rxb7 Re8 23. Bb5 1-0

[Site "Europe Echecs"]

[Event "Championnat d'Europe de Blitz"]
[Date "2024.12.09"]
[White "Tomasi, Elise"]
[Black "Motylev, Alexander"]
[WhiteElo "2073"]
[BlackElo "2596"]
[Round "1.28"]
[Result "0-1"]
[TimeControl "180+2"]

1. d4 d5 2.
Nf3 Nf6 3.
g3 c5 4. Bg2 cxd4 5. O-O h6 6. b3 h5 7. h4 Bg4 8. Qxd4 Nc6 9. Qa4 Nd7 10. Bb2 e6 11. Qf4 f6 12. c4 e5 13. Qd2 dxc4 14. Qc2 Be6 15. bxc4 Bc5 16. Qg6+ Kf8 17. Ng5 Bg8 18. Qf5 Qe7 19. Nc3 Nd4 20. Qe4 fxg5 21. Nd5 Bxd5 22.
Qxd5 Nf6 23.
Qxb7 Qxb7 0-1

[Site "Europe Echecs"]

[Event "Championnat d'Europe de Blitz"]
[Date "2024.12.09"]
[White "Baidetskyi, Valentin"]
[Black "Aliyev, Elnur"]
[WhiteElo "2519"]
[BlackElo "2079"]
[Round "1.29"]
[Result "1-0"]
[TimeControl "180+2"]

1. e4 g6 2. d4 c5 3. dxc5 Qa5+ 4. c3 Qxc5 5. Nf3 Bg7 6. Be3 Qc7 7. Na3 Nc6 8. Nb5 Qb8 9. Bc4 Nf6 10. e5 Nxe5 11. Nxe5 Qxe5 12. Qd4 Qxd4 13.
Bxd4 Kd8 14. Bxa7 d5 15. O-O-O Bh6+ 16. Kb1 Bf5+ 17. Ka1 Kc8 18. Bd3 Bxd3 19. Rxd3 Kd7 20. Bd4 Rhe8 21. Bxf6 exf6 22. Rxd5+ Kc6 23. c4 Re4 24. b3 Bf4 25. Kb1 Be5 26. Rhd1 Re8 27. f3 Re2 28. R5d2 Rxd2 29. Rxd2 Kc5 30. Re2 Rd8 31. Kc2 Bxh2 32. Re7 Bf4 33. Rxf7 Rd2+ 34. Kc3 Rxg2 35. b4+ Kb6 36. Rxf6+ 1-0

[Site "Europe Echecs"]

[Event "Championnat d'Europe de Blitz"]
[Date "2024.12.09"]
[White "Kola, Elvis"]
[Black "Ragger, Markus"]
[WhiteElo "1940"]
[BlackElo "2577"]
[Round "1.30"]
[Result "0-1"]
[TimeControl "180+2"]

1. e4 e5 2. Nf3 Nc6 3. Bb5 a6 4. Ba4 Bc5 5. O-O Nge7 6. c3 Ng6 7. d4 Ba7 8. Be3 O-O 9. Re1 d6 10. Nbd2 exd4 11. Nxd4 Nxd4 12. Bxd4 Bxd4 13. cxd4 b5 14. Bb3 c5 15. Bd5 Ra7 16. dxc5 dxc5 17. Rc1 Ne5 18. Nb3 c4 19. Nd4 Nd3 20. Nc6 Qb6 21. Qf3 Rc7 22. Rcd1 Nxe1 23. Rxe1 Rxc6 24. h3 Rf6 25. Qg3 Bb7 26. e5 Rg6 27. Qf3 Bxd5 28. Qxd5 Qc6 29. Qxc6 Rxc6 30. Rd1 b4 0-1

[Site "Europe Echecs"]

[Event "Championnat d'Europe de Blitz"]
[Date "2024.12.09"]
[White "Peyrer, Konstantin"]
[Black "Tomazin, James Marijan"]
[WhiteElo "2440"]
[BlackElo "1931"]
[Round "1.31"]
[Result "1-0"]
[TimeControl "180+2"]

1. e4 c6 2.
Nf3 d5 3. d3 Bg4 4. h3 Bxf3 5. Qxf3 dxe4 6. dxe4 Nd7 7. Nc3 e5 8. Bc4 Ngf6 9. Bg5 Qb6 10.
O-O-O Be7 11. Rxd7 Kxd7 12. Bxf7 Kc7 13. Qf5 Qc5 14. Be3 Qb4 15. Qxe5+ Bd6 16. Qf5 Rhf8 17. Bb3 Rae8 18. a3 Nxe4 19. Qxf8 Rxf8 20. axb4 Nxc3 21. bxc3 Be5 22. Kb2 1-0

[Site "Europe Echecs"]

[Event "Championnat d'Europe de Blitz"]
[Date "2024.12.09"]
[White "Markovski, Velo"]
[Black "Koelle, Tobias"]
[WhiteElo "1945"]
[BlackElo "2437"]
[Round "1.32"]
[Result "0-1"]
[TimeControl "180+2"]

1. e4 c5 2.
Nf3 d6 3. Bc4 Nf6 4. Qe2 e6 5. c3 Be7 6. d4 cxd4 7. cxd4 d5 8. exd5 Nxd5 9. O-O O-O 10. Nc3 Nc6 11. a3 Bf6 12. Be3 Nxe3 13. fxe3 b6 14. Bd3 Bb7 15. Rac1 g6 16. Ne4 Bg7 17. b4 Ne7 18. Ng3 Nd5 19. Be4 a5 20. b5 Qd6 21. a4 Rac8 22. Bxd5 Qxd5 23. e4 Qb3 24. Rxc8 Rxc8 25. e5 Qxa4 26. Ng5 Qxd4+ 27. Kh1 Rf8 28. N3e4 Qxe5 29. Qc4 h6 0-1

[Site "Europe Echecs"]